General information
- name: BNet
- type: Ladder team game (AT/RT)
- host: Battle.net
- saver: 584565NORFRIEND
map: SunrockCove
- players: 6
- length: 42:06
- speed: Fast
- version: 1.27 W3XP
- replay type:

» download(319 KB)
Players
team 1 (winner)
584565NORFRIEND (
yellow | 93 APM | 3916 actions | 42:06)
6 Warden
3 Shadow Strike
3 Blink
» actions
| Assign group hotkey | 17 | |
| Basic commands | 6 | |
| Build / train | 90 | |
| Enter build submenu | 16 | |
| Enter hero's abilities submenu | 6 | |
| Give item / drop item | 4 | |
| Remove unit from queue | 7 | |
| Right click | 2917 | |
| Select / deselect | 446 | |
| Select group hotkey | 162 | |
| Use ability | 245 | |
3916 total
» units
| Wisp | 32 | |
| Hippogryph | 12 | |
| Goblin Zeppelin | 1 | |
45 total
» upgrades
| Nature's Blessing | 1 | |
| Ultravision | 1 | |
| Well Spring | 1 | |
| Strength of the Wild | 3 | |
| Reinforced Hides | 3 | |
9 total
» buildings
| Altar of Elders | 1 | |
| Moon Well | 6 | |
| Tree of Ages | 1 | |
| Tree of Life | 1 | |
| Tree of Eternity | 1 | |
| Hunter's Hall | 1 | |
| Ancient of Wind | 3 | |
14 total
» build order
00:09 Altar of Elders
00:20 Moon Well
02:06 Moon Well
04:44 Tree of Ages
06:22 Moon Well
07:41 Tree of Life
08:41 Tree of Eternity
13:08 Hunter's Hall
14:13 Ancient of Wind
20:45 Ancient of Wind
30:26 Ancient of Wind
30:30 Moon Well
35:23 Moon Well
35:25 Moon Well
» items
| Staff of Teleportation | 1 | |
| Boots of Speed | 1 | |
| Healing Salve | 4 | |
| Lesser Clarity Potion | 6 | |
| Orb of Lightning | 1 | |
| Scroll of Town Portal | 1 | |
14 total
FastClicker37 (
teal | 102 APM | 4288 actions | 42:05)
6 Blademaster
2 Wind Walk
3 Critical Strike
1 Bladestorm
» actions
| Assign group hotkey | 52 | |
| Basic commands | 33 | |
| Build / train | 102 | |
| ESC pressed | 2 | |
| Enter build submenu | 52 | |
| Enter hero's abilities submenu | 6 | |
| Give item / drop item | 10 | |
| Remove unit from queue | 1 | |
| Right click | 2395 | |
| Select / deselect | 488 | |
| Select group hotkey | 885 | |
| Use ability | 262 | |
4288 total
» units
| Peon | 8 | |
| Troll Batrider | 38 | |
| Goblin Zeppelin | 1 | |
| Demolisher | 8 | |
55 total
» upgrades
| Ranged Weapons | 3 | |
| Liquid Fire | 1 | |
| Reinforced Defenses | 1 | |
| Troll Regeneration | 1 | |
| Armor | 3 | |
| Spiked Barricades | 1 | |
| Burning Oil | 1 | |
11 total
» buildings
| Altar of Storms | 2 | |
| Orc Burrow | 7 | |
| War Mill | 1 | |
| Voodoo Lounge | 4 | |
| Watch Tower | 30 | |
| Stronghold | 1 | |
| Barracks | 3 | |
| Beastiary | 4 | |
| Fortress | 2 | |
| Great Hall | 1 | |
55 total
» build order
00:07 Altar of Storms
00:11 Orc Burrow
00:18 War Mill
01:00 Voodoo Lounge
02:03 Watch Tower
02:14 Watch Tower
02:15 Watch Tower
03:04 Stronghold
03:17 Orc Burrow
04:14 Watch Tower
04:15 Watch Tower
04:19 Watch Tower
04:19 Watch Tower
05:24 Barracks
05:25 Beastiary
05:27 Beastiary
05:34 Fortress
05:35 Fortress
05:40 Voodoo Lounge
05:50 Orc Burrow
06:57 Voodoo Lounge
09:01 Orc Burrow
10:52 Barracks
11:32 Watch Tower
11:32 Watch Tower
11:32 Watch Tower
14:24 Watch Tower
14:39 Watch Tower
14:41 Watch Tower
17:29 Watch Tower
17:30 Watch Tower
17:31 Watch Tower
17:32 Watch Tower
17:33 Watch Tower
20:15 Watch Tower
20:58 Beastiary
21:36 Watch Tower
21:37 Watch Tower
21:37 Watch Tower
21:57 Altar of Storms
22:50 Orc Burrow
27:56 Great Hall
27:58 Watch Tower
29:03 Watch Tower
30:07 Watch Tower
30:25 Watch Tower
30:25 Watch Tower
30:26 Watch Tower
30:26 Watch Tower
32:06 Watch Tower
34:47 Beastiary
35:38 Voodoo Lounge
35:41 Orc Burrow
35:42 Orc Burrow
38:04 Barracks
» items
| Healing Salve | 2 | |
| Lesser Clarity Potion | 10 | |
| Staff of Teleportation | 1 | |
| Boots of Speed | 1 | |
| Orb of Lightning | 3 | |
| Scroll of Speed | 1 | |
| Potion of Healing | 1 | |
19 total
Felix-Waldt (
purple | 114 APM | 4788 actions | 42:05)
6 Archmage
3 Blizzard
2 Brilliance Aura
1 Mass Teleport
5 Blood Mage
3 Flame Strike
2 Siphon Mana
4 Mountain King
2 Storm Bolt
2 Bash
» actions
| Assign group hotkey | 336 | |
| Basic commands | 69 | |
| Build / train | 185 | |
| Enter build submenu | 150 | |
| Enter hero's abilities submenu | 15 | |
| Give item / drop item | 6 | |
| Right click | 1984 | |
| Select / deselect | 692 | |
| Select group hotkey | 935 | |
| Use ability | 416 | |
4788 total
» units
| Peasant | 33 | |
| Goblin Zeppelin | 3 | |
| Dragonhawk Rider | 1 | |
37 total
» upgrades
| Masonry | 3 | |
| Lumber Harvesting | 2 | |
| Magic Sentry | 1 | |
6 total
» buildings
| Altar of Kings | 1 | |
| Lumber Mill | 3 | |
| Farm | 7 | |
| Scout Tower | 213 | |
| Arcane Tower | 14 | |
| Guard Tower | 88 | |
| Arcane Vault | 2 | |
| Town Hall | 2 | |
| Keep | 1 | |
| Arcane Sanctum | 1 | |
| Castle | 1 | |
| Gryphon Aviary | 1 | |
334 total
» build order
00:07 Altar of Kings
00:21 Lumber Mill
00:41 Farm
00:52 Scout Tower
00:55 Scout Tower
00:55 Scout Tower
01:05 Farm
01:08 Scout Tower
01:09 Scout Tower
01:10 Scout Tower
01:20 Scout Tower
01:21 Scout Tower
01:39 Arcane Tower
01:41 Arcane Tower
01:47 Scout Tower
01:47 Scout Tower
02:10 Arcane Tower
02:12 Scout Tower
02:17 Guard Tower
02:29 Guard Tower
02:30 Guard Tower
02:30 Guard Tower
02:43 Guard Tower
02:45 Scout Tower
02:46 Scout Tower
03:09 Scout Tower
03:11 Guard Tower
03:23 Guard Tower
03:24 Scout Tower
03:26 Scout Tower
03:27 Scout Tower
03:29 Scout Tower
03:33 Guard Tower
03:36 Arcane Vault
04:03 Guard Tower
04:07 Town Hall
04:11 Scout Tower
04:11 Scout Tower
04:12 Scout Tower
04:13 Scout Tower
04:13 Scout Tower
04:13 Scout Tower
04:21 Scout Tower
04:22 Scout Tower
04:50 Arcane Tower
04:51 Guard Tower
04:53 Guard Tower
04:53 Guard Tower
05:03 Guard Tower
05:18 Scout Tower
05:18 Scout Tower
05:22 Guard Tower
05:22 Guard Tower
05:28 Scout Tower
05:29 Scout Tower
05:30 Guard Tower
05:32 Keep
05:38 Scout Tower
05:38 Scout Tower
05:53 Guard Tower
05:53 Guard Tower
05:53 Guard Tower
06:07 Guard Tower
06:10 Guard Tower
06:12 Scout Tower
06:13 Scout Tower
06:13 Scout Tower
06:14 Scout Tower
06:15 Scout Tower
06:15 Scout Tower
06:16 Scout Tower
06:28 Guard Tower
06:30 Scout Tower
06:31 Scout Tower
06:37 Scout Tower
06:38 Scout Tower
07:09 Guard Tower
07:10 Guard Tower
07:20 Arcane Tower
07:35 Guard Tower
07:40 Guard Tower
07:40 Guard Tower
07:58 Guard Tower
08:10 Scout Tower
08:27 Guard Tower
08:31 Scout Tower
08:31 Scout Tower
08:32 Scout Tower
08:32 Scout Tower
08:35 Scout Tower
08:35 Scout Tower
08:36 Scout Tower
08:36 Scout Tower
08:37 Scout Tower
08:37 Scout Tower
08:38 Scout Tower
08:39 Scout Tower
08:40 Guard Tower
08:41 Scout Tower
08:42 Scout Tower
08:44 Arcane Tower
08:45 Scout Tower
08:46 Scout Tower
08:48 Scout Tower
08:49 Scout Tower
08:52 Arcane Tower
09:06 Arcane Tower
09:09 Guard Tower
09:19 Guard Tower
09:23 Scout Tower
09:23 Scout Tower
09:55 Guard Tower
10:03 Guard Tower
10:12 Guard Tower
10:21 Scout Tower
10:22 Scout Tower
10:42 Scout Tower
10:45 Scout Tower
10:47 Arcane Tower
10:49 Guard Tower
10:58 Arcane Sanctum
11:08 Guard Tower
11:19 Guard Tower
11:21 Scout Tower
11:29 Guard Tower
11:47 Scout Tower
12:00 Farm
12:04 Castle
12:06 Guard Tower
12:17 Guard Tower
12:18 Scout Tower
12:19 Scout Tower
12:26 Guard Tower
12:28 Scout Tower
12:29 Scout Tower
12:29 Scout Tower
12:30 Scout Tower
12:30 Scout Tower
12:31 Scout Tower
12:32 Scout Tower
12:32 Scout Tower
13:17 Guard Tower
13:20 Scout Tower
13:21 Scout Tower
13:28 Arcane Tower
13:31 Guard Tower
13:44 Scout Tower
13:52 Scout Tower
14:04 Guard Tower
14:07 Guard Tower
14:22 Guard Tower
14:57 Guard Tower
14:59 Scout Tower
15:00 Scout Tower
15:01 Scout Tower
15:01 Scout Tower
15:02 Scout Tower
15:02 Scout Tower
15:16 Scout Tower
15:17 Scout Tower
15:18 Scout Tower
15:19 Scout Tower
15:43 Guard Tower
15:49 Scout Tower
15:50 Scout Tower
16:29 Guard Tower
17:09 Guard Tower
17:11 Scout Tower
17:14 Scout Tower
17:25 Arcane Vault
17:27 Guard Tower
17:46 Guard Tower
17:51 Scout Tower
17:51 Scout Tower
18:13 Guard Tower
18:28 Scout Tower
19:04 Scout Tower
19:05 Scout Tower
19:05 Scout Tower
19:06 Scout Tower
19:07 Scout Tower
19:07 Scout Tower
19:08 Scout Tower
19:08 Scout Tower
19:09 Scout Tower
19:10 Scout Tower
21:39 Scout Tower
21:40 Scout Tower
21:40 Scout Tower
21:41 Scout Tower
21:42 Scout Tower
21:43 Scout Tower
21:50 Guard Tower
21:55 Guard Tower
21:57 Scout Tower
21:58 Scout Tower
22:42 Scout Tower
22:44 Scout Tower
22:45 Scout Tower
22:47 Scout Tower
22:48 Scout Tower
22:58 Scout Tower
23:03 Scout Tower
23:07 Scout Tower
23:18 Arcane Tower
23:19 Guard Tower
23:23 Guard Tower
23:37 Guard Tower
23:39 Scout Tower
23:40 Scout Tower
23:41 Guard Tower
23:45 Scout Tower
23:46 Scout Tower
23:49 Scout Tower
24:18 Guard Tower
24:23 Scout Tower
24:24 Scout Tower
24:24 Scout Tower
24:27 Scout Tower
24:39 Guard Tower
24:43 Scout Tower
24:44 Scout Tower
25:05 Scout Tower
25:06 Scout Tower
25:07 Scout Tower
25:09 Scout Tower
25:10 Scout Tower
25:11 Scout Tower
25:12 Scout Tower
25:15 Scout Tower
25:16 Scout Tower
25:19 Scout Tower
25:36 Guard Tower
25:37 Arcane Tower
25:38 Guard Tower
25:44 Scout Tower
25:45 Scout Tower
25:46 Scout Tower
25:46 Scout Tower
25:47 Scout Tower
25:56 Scout Tower
25:57 Scout Tower
26:13 Scout Tower
26:14 Scout Tower
26:14 Scout Tower
26:32 Guard Tower
26:35 Scout Tower
26:47 Guard Tower
26:51 Scout Tower
26:52 Scout Tower
26:53 Scout Tower
26:53 Scout Tower
26:54 Scout Tower
26:54 Scout Tower
26:55 Scout Tower
26:55 Scout Tower
27:55 Guard Tower
27:57 Scout Tower
27:58 Scout Tower
27:59 Scout Tower
27:59 Scout Tower
28:00 Arcane Tower
28:03 Guard Tower
28:04 Scout Tower
28:05 Scout Tower
28:14 Scout Tower
28:14 Scout Tower
28:15 Scout Tower
28:15 Scout Tower
28:16 Scout Tower
28:16 Scout Tower
29:02 Guard Tower
29:13 Guard Tower
29:15 Scout Tower
29:16 Scout Tower
29:17 Scout Tower
29:18 Scout Tower
29:22 Gryphon Aviary
29:24 Farm
29:25 Farm
29:27 Scout Tower
29:28 Scout Tower
29:29 Scout Tower
29:30 Scout Tower
29:46 Guard Tower
30:55 Guard Tower
31:00 Guard Tower
31:01 Scout Tower
31:01 Scout Tower
31:21 Lumber Mill
31:25 Farm
31:26 Farm
31:28 Scout Tower
31:29 Scout Tower
31:29 Scout Tower
31:33 Scout Tower
31:34 Scout Tower
31:35 Scout Tower
31:35 Scout Tower
31:35 Scout Tower
31:56 Guard Tower
31:57 Scout Tower
31:58 Scout Tower
31:59 Scout Tower
32:00 Arcane Tower
32:44 Town Hall
32:47 Scout Tower
32:47 Scout Tower
32:48 Scout Tower
32:49 Scout Tower
32:49 Guard Tower
32:50 Guard Tower
33:10 Guard Tower
33:26 Lumber Mill
33:49 Guard Tower
33:56 Scout Tower
33:59 Scout Tower
33:59 Scout Tower
35:16 Guard Tower
35:22 Guard Tower
35:43 Scout Tower
35:44 Scout Tower
35:44 Scout Tower
35:45 Scout Tower
36:50 Guard Tower
37:46 Guard Tower
38:41 Guard Tower
38:43 Scout Tower
38:44 Scout Tower
» items
| Boots of Speed | 3 | |
| Staff of Teleportation | 7 | |
| Healing Salve | 3 | |
| Orb of Lightning | 3 | |
| Staff of Sanctuary | 3 | |
| Scroll of Town Portal | 1 | |
20 total
team 2 (loser)
fknbs (
pink | 36 APM | 1503 actions | 42:05)
2 Blademaster
1 Wind Walk
1 Critical Strike
1 Shadow Hunter
1 Healing Wave
» actions
| Assign group hotkey | 34 | |
| Basic commands | 14 | |
| Build / train | 51 | |
| ESC pressed | 4 | |
| Enter build submenu | 29 | |
| Enter hero's abilities submenu | 3 | |
| Right click | 620 | |
| Select / deselect | 238 | |
| Select group hotkey | 454 | |
| Use ability | 56 | |
1503 total
» units
| Peon | 9 | |
| Grunt | 10 | |
| Raider | 5 | |
| Spirit Walker | 6 | |
| Demolisher | 2 | |
32 total
» upgrades
| Ranged Weapons | 2 | |
| Armor | 2 | |
| Berserker Strength | 1 | |
| Melee Weapons | 2 | |
| Ensnare | 1 | |
| Spirit Walker Training | 1 | |
9 total
» buildings
| Altar of Storms | 1 | |
| Orc Burrow | 7 | |
| Barracks | 1 | |
| Voodoo Lounge | 1 | |
| War Mill | 1 | |
| Stronghold | 1 | |
| Beastiary | 1 | |
| Spirit Lodge | 3 | |
| Watch Tower | 8 | |
| Fortress | 1 | |
25 total
» build order
00:10 Altar of Storms
00:23 Orc Burrow
00:36 Barracks
01:47 Orc Burrow
01:59 Voodoo Lounge
03:20 Orc Burrow
04:20 War Mill
05:24 Stronghold
06:00 Orc Burrow
08:41 Beastiary
08:47 Spirit Lodge
11:13 Watch Tower
11:18 Watch Tower
11:23 Watch Tower
11:37 Watch Tower
11:43 Watch Tower
13:06 Watch Tower
14:46 Orc Burrow
14:51 Orc Burrow
17:29 Fortress
18:16 Orc Burrow
18:22 Spirit Lodge
18:48 Spirit Lodge
19:32 Watch Tower
19:35 Watch Tower
» items
ShrimplyPimmels (
orange | 106 APM | 3666 actions | 34:44)
3 Death Knight
2 Death Coil
1 Unholy Aura
3 Lich
2 Frost Nova
1 Dark Ritual
3 Crypt Lord
2 Impale
1 Spiked Carapace
» actions
| Assign group hotkey | 61 | |
| Basic commands | 216 | |
| Build / train | 88 | |
| ESC pressed | 3 | |
| Enter build submenu | 27 | |
| Enter hero's abilities submenu | 9 | |
| Give item / drop item | 5 | |
| Remove unit from queue | 2 | |
| Right click | 1672 | |
| Select / deselect | 605 | |
| Select group hotkey | 830 | |
| Use ability | 148 | |
3666 total
» units
| Acolyte | 23 | |
| Ghoul | 2 | |
| Crypt Fiend | 6 | |
| Frost Wyrm | 11 | |
42 total
» upgrades
| Creature Attack | 1 | |
| Burrow | 1 | |
| Web | 1 | |
| Freezing Breath | 1 | |
| Creature Carapace | 3 | |
7 total
» buildings
| Crypt | 1 | |
| Graveyard | 1 | |
| Altar of Darkness | 1 | |
| Ziggurat | 13 | |
| Tomb of Relics | 1 | |
| Nerubian Tower | 2 | |
| Halls of the Dead | 1 | |
| Spirit Tower | 5 | |
| Black Citadel | 1 | |
| Sacrificial Pit | 1 | |
| Boneyard | 2 | |
| Necropolis | 1 | |
30 total
» build order
00:13 Crypt
00:21 Graveyard
00:45 Altar of Darkness
01:02 Ziggurat
01:44 Tomb of Relics
02:04 Ziggurat
02:17 Nerubian Tower
03:12 Halls of the Dead
04:03 Ziggurat
04:16 Spirit Tower
05:37 Black Citadel
06:04 Sacrificial Pit
08:24 Boneyard
08:43 Boneyard
08:53 Ziggurat
10:28 Ziggurat
10:30 Ziggurat
10:48 Spirit Tower
10:49 Ziggurat
11:34 Ziggurat
12:01 Spirit Tower
16:10 Spirit Tower
16:46 Necropolis
17:38 Ziggurat
18:25 Ziggurat
19:01 Nerubian Tower
21:54 Ziggurat
22:46 Spirit Tower
25:37 Ziggurat
27:22 Ziggurat
» items
| Rod of Necromancy | 3 | |
| Dust of Appearance | 1 | |
| Potion of Healing | 2 | |
| Orb of Corruption | 1 | |
| Potion of Lesser Invulnerability | 1 | |
| Boots of Speed | 1 | |
| Scroll of Town Portal | 3 | |
12 total
waddup (
blue | 90 APM | 3113 actions | 34:45)
6 Archmage
2 Summon Water Elemental
2 Brilliance Aura
2 Blizzard
3 Blood Mage
2 Flame Strike
1 Banish
2 Paladin
1 Holy Light
1 Divine Shield
» actions
| Assign group hotkey | 52 | |
| Basic commands | 71 | |
| Build / train | 108 | |
| ESC pressed | 1 | |
| Enter build submenu | 66 | |
| Enter hero's abilities submenu | 11 | |
| Give item / drop item | 7 | |
| Remove unit from queue | 5 | |
| Right click | 1355 | |
| Select / deselect | 592 | |
| Select group hotkey | 686 | |
| Use ability | 159 | |
3113 total
» units
| Peasant | 12 | |
| Footman | 8 | |
| Goblin Shredder | 2 | |
| Priest | 3 | |
| Knight | 1 | |
| Dragonhawk Rider | 11 | |
| Siege Engine | 5 | |
42 total
» upgrades
| Masonry | 3 | |
| Swords | 3 | |
| Magic Sentry | 1 | |
| Animal War Training | 1 | |
| Armor | 2 | |
| Cloud | 1 | |
| Barrage | 1 | |
| Gunpowder | 1 | |
| Plating | 1 | |
14 total
» buildings
| Altar of Kings | 1 | |
| Barracks | 1 | |
| Farm | 10 | |
| Scout Tower | 39 | |
| Arcane Tower | 3 | |
| Keep | 1 | |
| Arcane Vault | 1 | |
| Blacksmith | 1 | |
| Lumber Mill | 1 | |
| Guard Tower | 12 | |
| Town Hall | 1 | |
| Castle | 1 | |
| Arcane Sanctum | 1 | |
| Gryphon Aviary | 2 | |
| Workshop | 4 | |
79 total
» build order
00:14 Altar of Kings
00:27 Barracks
00:40 Farm
00:54 Farm
01:50 Scout Tower
02:14 Farm
02:24 Arcane Tower
03:34 Keep
03:48 Scout Tower
04:13 Scout Tower
04:15 Scout Tower
04:17 Arcane Tower
04:34 Arcane Vault
04:41 Blacksmith
05:29 Lumber Mill
05:33 Arcane Tower
05:49 Farm
06:40 Farm
07:02 Guard Tower
07:17 Town Hall
08:56 Scout Tower
08:57 Scout Tower
09:01 Scout Tower
09:01 Scout Tower
09:06 Scout Tower
09:08 Scout Tower
09:17 Castle
09:20 Farm
09:30 Arcane Sanctum
09:50 Scout Tower
09:50 Scout Tower
09:53 Guard Tower
10:37 Guard Tower
10:48 Scout Tower
10:49 Scout Tower
10:50 Scout Tower
10:51 Scout Tower
10:54 Scout Tower
10:57 Scout Tower
11:03 Scout Tower
11:50 Guard Tower
12:56 Scout Tower
12:57 Scout Tower
13:09 Scout Tower
13:56 Guard Tower
14:18 Scout Tower
14:20 Scout Tower
15:11 Gryphon Aviary
15:11 Gryphon Aviary
15:18 Scout Tower
15:18 Scout Tower
16:31 Farm
16:33 Scout Tower
16:35 Farm
16:38 Scout Tower
16:38 Scout Tower
16:40 Guard Tower
16:41 Guard Tower
16:43 Farm
16:45 Farm
17:13 Guard Tower
17:54 Guard Tower
18:54 Scout Tower
19:02 Scout Tower
19:03 Scout Tower
20:16 Guard Tower
20:18 Scout Tower
20:19 Scout Tower
21:08 Guard Tower
22:18 Workshop
22:19 Workshop
22:19 Workshop
22:24 Workshop
22:40 Scout Tower
22:41 Scout Tower
22:42 Scout Tower
22:45 Scout Tower
22:47 Scout Tower
23:15 Guard Tower
» items
| Scroll of Regeneration | 4 | |
| Potion of Healing | 3 | |
| Scroll of Town Portal | 1 | |
| Orb of Fire | 1 | |
| Staff of Sanctuary | 2 | |
| Tome of Retraining | 1 | |
| Potion of Lesser Invulnerability | 1 | |
13 total
Chat log
(00:01 / All) FastClicker37: ok ty
(00:21 / Allies) FastClicker37: care for tinker garbage
(00:32 / Allies) FastClicker37: 1st tower tight on you main
(00:41 / Allies) 584565NORFRIEND: these guys aren't gimmicky iirc
(00:46 / Allies) 584565NORFRIEND: they own us every time tho
(00:51 / Allies) FastClicker37: play better
(00:55 / Allies) 584565NORFRIEND: ; - )
(01:21 / Allies) FastClicker37: nobody plays well enough to beat us in 2016
(01:39 / Allies) FastClicker37: every loss we've had if we played as well as we played back in golden age we would never lose
(25:08 / All) waddup: u think we're falling for the reveal? :D
(34:53 / All) 584565NORFRIEND: Thanks for playing!